 Dungeon Crawl Stone Soup version 0.19.4-12-gccf7e64 (webtiles) character file.

1010 MrSteve the Cudgeler (level 8, 0/78 HPs)
             Began as a Troll Berserker on Feb 26, 2017.
             Was a Priest of Trog.
             Slain by Menkaure (20 damage)
             ... on level 7 of the Dungeon.
             The game lasted 00:54:52 (5124 turns).

MrSteve the Cudgeler (Troll Berserker)              Turns: 5124, Time: 00:54:53

Health: 0/78       AC:  5    Str: 28    XL:     8   Next: 1%
Magic:  7/7        EV: 11    Int:  3    God:    Trog [***...]
Gold:   270        SH:  0    Dex:  9    Spells: 0 memorised, 7 levels left

rFire  . . .     SeeInvis .     s - -3 giant club (curse)
rCold  . . .     Gourm    +     b - +0 animal skin
rNeg   . . .     Faith    .     (shield currently unavailable)
rPois  +         Spirit   .     (helmet restricted)
rElec  .         Reflect  .     (no cloak)
rCorr  .         Harm     .     (gloves unavailable)
MR     ++...                    (boots unavailable)
Stlth  +.........               a - amulet of regeneration
                                w - ring of poison resistance
                                n - +5 ring of slaying

@: regenerating
A: unfitting armour, claws 3, fast metabolism 3, gourmand, regeneration 1,
shaggy fur 1, tough skin 2
a: Berserk, Trog's Hand, Burn Spellbooks, Renounce Religion


You were on level 7 of the Dungeon.
You worshipped Trog.
Trog was most pleased with you.
You were very full.

You visited 1 branch of the dungeon, and saw 7 of its levels.

You collected 270 gold pieces.

Inventory:

Hand Weapons
 r - a +0 morningstar
 s - a cursed -3 giant club (weapon)
 y - a +0 blowgun
 A - a +0 flail
 E - a +0 dagger of electrocution
 G - a +0 glaive
Missiles
 i - 83 arrows
 j - 148 stones (quivered)
 p - 20 sling bullets
 q - 19 poisoned needles
 u - 12 tomahawks
 v - 21 bolts
Armour
 b - a +0 animal skin (worn)
 d - a +1 robe of the Archmagi
 F - a +0 robe
Jewellery
 a - an amulet of regeneration (around neck)
 e - an uncursed ring of positive energy
 n - a +5 ring of slaying (left claw)
 w - a ring of poison resistance (right claw)
 N - a +3 amulet of reflection {unknown}
Wands
 H - a wand of flame (27/48)
 L - a wand of digging (15/24)
 O - a wand of disintegration (8/24)
Scrolls
 f - a scroll of immolation {unknown}
 o - a scroll of torment {unknown}
 I - a scroll of random uselessness {unknown}
 M - a scroll of enchant armour {unknown}
Potions
 l - a potion of heal wounds
 m - 3 potions of curing
 t - a potion of flight {unknown}
 x - a potion of mutation {unknown}
 B - a potion of invisibility {unknown}
 K - a potion of berserk rage
Books
 D - a book of Misfortune

   Spells                             Type                      Level
   a - Confusing Touch                Hexes                        1
   b - Confuse                        Hexes                        3
   c - Gell's Gravitas                Hexes/Translocation          3
   d - Petrify                        Transmutation/Earth          4
   e - Metabolic Englaciation         Hexes/Ice                    5
   f - Yara's Violent Unravelling     Hexes/Transmutation          5
   Trog disapproves of the use of such an item.
Comestibles
 c - 5 bread rations
 g - 7 meat rations
 h - a beef jerky
 k - 9 fruits
 z - a royal jelly
 C - a slice of pizza
 Q - 12 chunks of flesh


   Skills:
 + Level 4.2 Fighting
 + Level 7.0 Maces & Flails
 + Level 0.1 Throwing
 + Level 4.2 Dodging


You had 7 spell levels left.
You didn't know any spells.

Dungeon Overview and Level Annotations

Branches:
Dungeon (8/15)
 Temple: D:4-7         Lair: D:8-11

Altars:
Ru
Vehumet
Xom

Shops:
D:4 %

Annotations:
D:7 Menkaure


Innate Abilities, Weirdness & Mutations

You are too large for most types of armour.
You have claws for hands.
Your metabolism is lightning-fast.
You like to eat raw meat.
Your natural rate of healing is unusually fast.
You are covered in fur. (AC +1)
You have very tough skin. (AC +2)


Message History

You barely miss Menkaure.
Menkaure is moderately damaged.
Menkaure hits you.
You hit Menkaure.
Menkaure is heavily damaged.
Menkaure hits you. Menkaure hits you but does no damage.
You closely miss Menkaure.
Menkaure is heavily damaged.
Menkaure barely misses you.
You barely miss Menkaure.
Menkaure is heavily damaged.
Menkaure hits you!
You closely miss Menkaure.
Menkaure is heavily damaged.
Menkaure closely misses you. Menkaure hits you!
* * * LOW HITPOINT WARNING * * *
You sock Menkaure!
Menkaure is almost destroyed.
Menkaure hits you!!
You die...

###........##'#.#.......
#####.##.####.#.#.......
............#.#.#.......
.........##.#.#.#.....[.
.##...........#.#.......
........................
.....##.####..#.###+####
.....##.......#.###.####
.....##.####.##.@M......
....###)####..#####.####
....# #.......#
....####))....##
'#####.........## .#
#.#........#
.#####+####)##..##
.................#
.................#


You could see Menkaure.

Vanquished Creatures
  An ogre (D:7)
  3 bullfrogs (D:7)
  A scorpion (D:4)
  A crimson imp (D:7)
  A hound (D:7)
  2 jellies
  5 orc priests
  3 orc wizards
  4 worker ants
  A hound zombie (D:5)
  6 adders
  2 gnolls
  An ooze (D:5)
  An adder skeleton (D:5)
  An adder zombie (D:5)
  3 worms (D:2)
  4 dart slugs
  8 leopard geckos
  25 orcs
  2 giant cockroaches
  11 goblins
  5 hobgoblins
  2 jackals (D:1)
  A quokka (D:3)
  A ball python (D:4)
  A ball python skeleton (D:4)
  7 bats
  2 frilled lizards
  9 kobolds
  2 quokka skeletons
  7 rats
  2 fungi (D:4)
  A plant (D:4)
126 creatures vanquished.

Notes
Turn   | Place    | Note
-------+----------+-------------------------------------------
     0 | D:1      | MrSteve the Troll Berserker began the quest for the Orb.
     0 | D:1      | Reached XP level 1. HP: 22/22 MP: 0/0
   168 | D:1      | Reached XP level 2. HP: 27/29 MP: 1/1
   411 | D:1      | Reached skill level 3 in Maces & Flails
   563 | D:1      | Reached ** piety under Trog
   563 | D:1      | Reached XP level 3. HP: 35/36 MP: 2/2
  1237 | D:3      | Reached XP level 4. HP: 44/44 MP: 3/3
  1702 | D:3      | Reached skill level 4 in Maces & Flails
  1702 | D:3      | Reached XP level 5. HP: 29/53 MP: 4/4
  2170 | D:2      | Reached *** piety under Trog
  2995 | D:4      | Reached XP level 6. HP: 59/61 MP: 5/5
  3356 | D:4      | Found Juesch's Food Shop.
  3384 | D:4      | Reached skill level 5 in Maces & Flails
  3400 | D:4      | Found a sacrificial altar of Ru.
  4108 | D:5      | Entered Level 5 of the Dungeon
  4505 | D:5      | Found a radiant altar of Vehumet.
  4596 | D:5      | You fall through a shaft for 3 floors!
  4626 | D:7      | Reached XP level 7. HP: 68/68 MP: 6/6
  4674 | D:7      | Found a shimmering altar of Xom.
  4842 | D:7      | Reached skill level 6 in Maces & Flails
  5072 | D:7      | Reached skill level 7 in Maces & Flails
  5072 | D:7      | Reached XP level 8. HP: 76/78 MP: 7/7
  5113 | D:7      | Noticed Menkaure
  5124 | D:7      | Slain by Menkaure

Skill      XL: |  1  2  3  4  5  6  7 |
---------------+----------------------+-----
Maces & Flails | 3 4 5 7 |  7.0
Dodging        | 3 4 |  4.2
Fighting       | 3 4 |  4.2
Throwing       | |  0.1

Action                   |  1- 3 |  4- 6 |  7- 9 || total
-------------------------+-------+-------+-------++-------
Melee: Mace              |   112 |    12 |       ||   124
       Flail             |       |    79 |       ||    79
       Morningstar       |       |   100 |    44 ||   144
       Giant club        |       |       |    13 ||    13
Throw: Stone             |     1 |       |     2 ||     3
Invok: Berserk           |     3 |     5 |     2 ||    10
       Trog's Hand       |       |       |     1 ||     1
  Use: Scroll            |     8 |     3 |       ||    11
       Potion            |       |     2 |     3 ||     5
  Eat: Chunk             |    19 |    32 |    12 ||    63
Armor: Animal skin       |    32 |    56 |    15 ||   103
Dodge: Dodged            |    63 |    84 |    43 ||   190
